 Dungeon Crawl Stone Soup version 0.21-a0-216-g6d3fd91 (webtiles) character file.

301 Deaus the Slasher (level 6, -1/32 HPs)
             Began as a Vine Stalker Fighter on Aug 23, 2017.
             Slain by Menkaure (16 damage)
             ... on level 4 of the Dungeon.
             The game lasted 00:04:33 (2397 turns).

Deaus the Slasher (Vine Stalker Fighter)            Turns: 2397, Time: 00:04:34

Health: -1/32      AC:  6    Str: 19    XL:     6   Next: 37%
Magic:  0/7        EV:  7    Int:  8    God:
Gold:   101        SH:  9    Dex: 15    Spells: 5/5 levels left

rFire    . . .     SeeInvis .   a - +0 long sword
rCold    . . .     Gourm    .   c - +0 shield
rNeg     . . .     Faith    .   b - +0 scale mail
rPois    .         Spirit   +   (no helmet)
rElec    .         Reflect  .   (no cloak)
rCorr    .         Harm     .   (no gloves)
MR       .....                  (no boots)
Stlth    ..........             (no amulet)
HPRegen  0.50/turn              (no ring)
MPRegen  0.10/turn              (no ring)

@: no status effects
A: fangs 2, regeneration 1, magic shield, antimagic bite, no potion heal 3, rot
immunity
a: no special abilities


You were on level 4 of the Dungeon.
You were not hungry.

You visited 1 branch of the dungeon, and saw 4 of its levels.

You collected 101 gold pieces.

Inventory:

Hand Weapons
 a - a +0 long sword (weapon)
 e - a +3 short sword
Armour
 b - a +0 scale mail (worn)
 c - a +0 shield (worn)
Wands
 r - a wand of polymorph (12/24)
 v - a wand of digging (21/24)
Scrolls
 i - 3 scrolls of fear {unknown}
 k - a scroll of teleportation {unknown}
 n - a scroll of immolation {unknown}
 p - a scroll of identify {unknown}
 q - 2 scrolls of remove curse {unknown}
 w - a scroll of magic mapping {unknown}
Potions
 d - a potion of might
 h - 2 potions of ambrosia {unknown}
 j - 2 potions of invisibility {unknown}
 l - 2 potions of haste {unknown}
 o - a potion of degeneration {unknown}
 s - 2 potions of cancellation {unknown}
 t - a potion of heal wounds {unknown}
 u - a potion of brilliance {unknown}
Comestibles
 f - 3 bread rations
 g - 5 meat rations
 m - 5 chunks of flesh


   Skills:
 + Level 3.2 Fighting
 * Level 4.4 Long Blades
 + Level 3.2 Armour
 + Level 3.6 Shields


You had 5 spell levels left.
You didn't know any spells.

Dungeon Overview and Level Annotations

Branches:
Dungeon (4/15)
 Temple: D:4-7

Altars:
Ashenzari
Wu Jian

Annotations:
D:3 1 runed door
D:4 Menkaure


Innate Abilities, Weirdness & Mutations

You have extremely sharp teeth.
Your natural rate of healing is unusually fast.
When hurt, damage is shared between your health and your magic reserves.
Your bite disrupts and absorbs the magic of your enemies.
Potions cannot restore your health.
You are immune to rotting.


Message History

Menkaure is heavily damaged.
Menkaure casts a spell at you. Pain shoots through your body!
Menkaure hits you!
You hit Menkaure. You bite Menkaure.
Menkaure's magic leaks into the air.
You drain his magic.
You feel invigorated.
Menkaure is severely damaged.
Menkaure gestures at you while chanting.
You struggle to resist.
Your shield and scale mail prevent you from hitting Menkaure.
You bite Menkaure.
Menkaure's magic leaks into the air.
You drain his magic.
You feel invigorated.
Menkaure is severely damaged.
Menkaure hits you.
Menkaure points at you and mumbles some strange words.
You struggle to resist.
You completely miss Menkaure.
Menkaure is severely damaged.
Menkaure hits you!!
Ouch! That really hurt!
You die...

#.... #....## #..# #
##....##.....# #..# #
#.....##.....# #..# ##
#......#.....## ##..# #.
#......#...^..###...# ##.
#......#............# ##..
#......#...........## ###M..
#......#........#### ##.....
#..........@##### #......
####.........M.### ####M.....
#........#.......####.....####
####....###...............#
##..## ###.............# #..#
###########....# #..# ###..#
#..# ##..# #..# ...#


You could see Menkaure.

Vanquished Creatures
  An orc priest (D:3)
  A hound (D:3)
  A centaur skeleton (D:3)
  Natasha (thrice) (D:2)
  5 adders
  An ooze (D:1)
  4 worms
  14 orcs
  5 giant cockroaches
  5 hobgoblins
  3 jackals (D:3)
  A quokka (D:3)
  A ball python (D:1)
  11 bats
  A frilled lizard (D:1)
  5 goblins
  6 kobolds
  3 rats
71 creatures vanquished.

Notes
Turn   | Place    | Note
-------+----------+-------------------------------------------
     0 | D:1      | Deaus the Vine Stalker Fighter began the quest for the Orb.
     0 | D:1      | Reached XP level 1. HP: 11/11 MP: 2/2
    78 | D:1      | Reached XP level 2. HP: 15/16 MP: 3/3
   393 | D:2      | Reached skill level 2 in Long Blades
   536 | D:2      | Reached XP level 3. HP: 19/19 MP: 4/4
   554 | D:2      | Noticed Natasha
   558 | D:2      | Killed Natasha
   604 | D:2      | Noticed Natasha
   609 | D:2      | Killed Natasha
   609 | D:2      | Gained mutation: Your natural rate of healing is unusually fast. [Vine Stalker growth]
   609 | D:2      | Reached XP level 4. HP: 11/24 MP: 2/5
   671 | D:2      | Noticed Natasha
   686 | D:2      | Killed Natasha
   686 | D:2      | Reached skill level 3 in Long Blades
   727 | D:2      | Reached XP level 5. HP: 25/28 MP: 4/6
   874 | D:2      | Found a shattered altar of Ashenzari.
   874 | D:2      | Found an ornate altar of the Wu Jian Council.
  1560 | D:3      | Found a faded altar of an unknown god.
  1656 | D:3      | Reached skill level 4 in Long Blades
  1684 | D:3      | Reached XP level 6. HP: 32/32 MP: 7/7
  2027 | D:3      | Found a runed door.
  2353 | D:4      | Noticed Menkaure
  2397 | D:4      | Slain by Menkaure

Vault maps used:
D:1:      scummos_arrival_hexagon
D:2:      gammafunk_temple_overflow_elements, serial_bayou_lagoon_a,
          uniq_natasha
D:3:      cheibrodos_helix_gallery, chequers_ecumenical_altar_grove,
          uniq_crazy_yiuf_cottage
D:4:      uniq_menkaure

Skill      XL: |  1  2  3  4  5 |
---------------+----------------+-----
Shields        | 3 |  3.6
Long Blades    | 2 3 4 |  4.4
Fighting       | 3 |  3.2
Armour         | 3 |  3.2

Action                   |  1- 3 |  4- 6 || total
-------------------------+-------+-------++-------
Melee: Long sword        |    43 |   151 ||   194
       Bite              |    10 |    48 ||    58
  Eat: Chunk             |       |     5 ||     5
Armor: Scale mail        |    15 |    54 ||    69
       Skin              |       |     4 ||     4
Dodge: Dodged            |    12 |    56 ||    68
Block: Shield            |    14 |    75 ||    89
       Rpst.: Long sword |     6 |    23 ||    29

Table legend:
 A = Spawn XP
 B = Non-spawn XP
 C = Spawn XP percentage of total XP
 D = Spawn monster count
 E = Non-spawn monster count
 F = Spawn count percentage of total count
 G = Total turns spent on level
                    A         B        C        D         E        F      G
               +---------+---------+-------+---------+---------+-------+---------
         Total |      97 |     334 |  22.5 |      10 |      61 |  14.1 |  2397
               +---------+---------+-------+---------+---------+-------+---------
           D:1 |       1 |      27 |   3.6 |       1 |      14 |   6.7 |   385
           D:2 |       5 |     154 |   3.1 |       3 |      14 |  17.6 |   717
           D:3 |      91 |     133 |  40.6 |       6 |      30 |  16.7 |  1033
           D:4 |       0 |      20 |   0.0 |       0 |       3 |   0.0 |   262
               +---------+---------+-------+---------+---------+-------+---------
